 Dungeon Crawl Stone Soup version 0.18-a0-1160-geb89fc2 (webtiles) character file.

98 Gorice the Slasher (level 4, -1/38 HPs)
             Began as a Ghoul Wanderer on Jan 24, 2016.
             Killed from afar by a white imp (4 damage)
             ... with a puff of frost
             ... summoned by Natasha
             ... on level 2 of the Dungeon.
             The game lasted 00:06:31 (1373 turns).

Gorice the Slasher (Ghoul Wanderer)                 Turns: 1373, Time: 00:06:31

Health: -1/38      AC:  9    Str: 13    XL:     4   Next: 71%
Magic:  3/3        EV:  8    Int: 14    God:
Gold:   94         SH:  0    Dex:  9    Spells: 0 memorised, 3 levels left

rFire  . . .     SeeInvis .     a - +0 falchion
rCold  + . .     Gourm    .     c - +2 scale mail
rNeg   + + +     Faith    .     (no shield)
rPois  ∞         Spirit   .     (no helmet)
rElec  .         Dismiss  .     (no cloak)
rCorr  .         Reflect  .     (no gloves)
SustAt .         Harm     .     h - +0 pair of boots
MR     .....                    (no amulet)
Stlth  ..........               (no ring)
                                (no ring)

@: brilliant, about to teleport, rotting, not resistant to hostile enchantments,
extremely unstealthy
A: rotting body, claws 1, carnivore 3, cold resistance 1, negative energy
resistance 3, slow regeneration 1, torment resistance, unbreathing
a: no special abilities


You were on level 2 of the Dungeon.
You were not hungry.

You visited 1 branch of the dungeon, and saw 2 of its levels.

You collected 94 gold pieces.

Inventory:

Hand Weapons
 a - a +0 falchion (weapon)
 b - a +0 hunting sling
Missiles
 g - 6 tomahawks (quivered)
 Z - 55 stones
Armour
 c - a +2 scale mail (worn)
 h - a +0 pair of boots (worn)
Scrolls
 e - a scroll of identify
Books
 j - a book of Annihilations
Comestibles
 d - 3 meat rations {!e}


   Skills:
 - Level 3.2 Fighting
 * Level 3.7 Long Blades
   Level 1.0 Crossbows
 - Level 1.0 Throwing
 + Level 2.2 Armour
 - Level 1.1 Stealth
   Level 1.0 Evocations


You had 3 spell levels left.
You didn't know any spells.

Dungeon Overview and Level Annotations

Branches:
Dungeon (2/15)

Altars:
Elyvilon

Annotations:
D:2 Natasha


Innate Abilities, Weirdness & Mutations

Your body is rotting away.
You thrive on raw meat.
You are immune to poison.
You have sharp fingernails.
You are carnivorous and can eat meat at any time.
Your flesh is cold resistant.
You are immune to negative energy.
You regenerate slowly when monsters are visible.
You are immune to unholy pain and torment.
You can survive without breathing.


Message History

Natasha glows brightly for a moment.
Natasha zaps a wand.
You resist with some effort.
You're too confused to move!
The shadow imp disappears in a puff of smoke!
Natasha casts a spell at you. The magic dart hits you!
* * * LOW HITPOINT WARNING * * *
Damage: 1 (max 1) Natasha mumbles some strange words.
You're too confused to move!
You're too confused to move!
The white imp barely misses you. Natasha casts a spell at you.
The magic dart hits you!
* * * LOW HITPOINT WARNING * * *
Damage: 3 (max 3)
The white imp barely misses you.
You bump into the rock wall.
You feel less confused.
The white imp hits you but does no damage.
Natasha claws you but does no damage.
Natasha casts a spell.
Read which item? (? for menu, Esc to quit)
As you read the scroll labeled ICKUAM QOLEFE, it crumbles to dust.
It is a scroll of identify.
Identify which item? (\ to view known items) (? for menu, Esc to quit)
f - a scroll of fear The white imp gestures at you.
The puff of frost hits you!
Read which item? (? for menu, Esc to quit)
Really read
f - a scroll of fear {!r}?
As you read the scroll of fear {!r}, it crumbles to dust.
You assume a fearsome visage.
The white imp is unaffected. x2
The white imp barely misses you. x2
Read which item? (? for menu, Esc to quit)
As you read the scroll labeled TEAKETHRIORU, it crumbles to dust.
You feel strangely unstable.
It was a scroll of teleportation.
The white imp gestures at you. The puff of frost hits you! You resist.
* * * LOW HITPOINT WARNING * * *
The white imp hits you but does no damage.
Damage: 4 (max 4) Natasha mumbles some strange words.
The white imp gestures at you. The puff of frost hits you! You resist.
The white imp picks up a beetle and eats it.
A hobgoblin comes into view.
The hobgoblin shouts!
The white imp gestures at you. The puff of frost hits you! You resist.
You die...

..%..##...#....# #...#
#.###.### ....h...#......#
#...# #..##.#
##..###...#....###...#
##.##.### ....#
#..........#...# #....... ###.#
#..##...5......# #.#####. ....#
#..###..5#.....#####..# #####
#..# #.#.#.....g......## #
#..###.#5##.<...####...# . #
#.........@......###.#.###. #
#####.#####...........##...<...
# #.....# #.#....%....####.#.##
###.##### #...........# #.#.#
..#.# ##.........## #...##
....##########..#.....## ##....
≈....<...............## #..##
≈≈..###########.###.## #....
≈≈...# #..##.# #...#


You could see a white imp and a hobgoblin.

Vanquished Creatures
  Ijyb (D:2)
  2 adders (D:2)
  4 worms
  A giant gecko (D:1)
  A giant cockroach (D:2)
  7 goblins
  2 hobgoblins
  3 jackals (D:2)
  10 kobolds
  A quokka (D:2)
  4 ball pythons
  2 bats (D:1)
  2 giant newts (D:2)
  5 rats (D:1)
  A plant (D:1)
46 creatures vanquished.

Notes
Turn   | Place    | Note
--------------------------------------------------------------
     0 | D:1      | Gorice the Ghoul Wanderer began the quest for the Orb.
     0 | D:1      | Gorice set off with: a +2 scale mail, a potion of curing, a +0 falchion, a meat ration {!e}
     0 | D:1      | Reached XP level 1. HP: 19/19 MP: 0/0
    66 | D:1      | Reached skill level 2 in Long Blades
   191 | D:1      | Reached XP level 2. HP: 19/26 MP: 1/1
   617 | D:1      | Reached XP level 3. HP: 20/31 MP: 2/2
   776 | D:2      | Noticed Ijyb
   798 | D:2      | Killed Ijyb
   798 | D:2      | Reached skill level 3 in Long Blades
   812 | D:2      | Found a white marble altar of Elyvilon.
   832 | D:2      | Reached XP level 4. HP: 34/38 MP: 3/3
   939 | D:2      | Reached skill level 2 in Armour
  1320 | D:2      | Noticed Natasha
  1340 | D:2      | HP: 10/38 [Natasha/magic dart (6)]
  1357 | D:2      | HP: 9/38 [Natasha/magic dart (1)]
  1362 | D:2      | HP: 7/38 [Natasha/magic dart (3)]
  1370 | D:2      | HP: 3/38 [white imp/puff of frost[Natasha] (4)]
  1373 | D:2      | Killed from afar by a white imp

Vault maps used:
D:1:      scummos_arrival_forest, serial_corexii_hall, corexii_hall_statues_t,
          corexii_hall_statues_l, corexii_hall_statues_l, solitary_fountain,
          lexackson_kobold_supper
D:2:      first_bread, hangedman_decor_points, elyvilon_altar_3, uniq_natasha,
          uniq_iyjb

Action                   |  1- 3 |  4- 6 || total
-------------------------+-------+-------++-------
Melee: Falchion          |   142 |    93 ||   235
  Use: Scroll            |       |     3 ||     3
       Potion            |       |     3 ||     3
  Eat: Chunk             |    15 |    12 ||    27

Table legend:
 A = Turns spent in this place as a percentage of turns spent in the entire game.
 B = Non-inter-level travel turns spent in this place as a percentage of non-inter-level travel turns spent in the entire game.
 C = Inter-level travel turns spent in this place as a percentage of turns spent in this place.
 D = Turns resting spent in this place as a percentage of non-inter-level travel turns spent in this place.
 E = Turns spent auto-exploring this place as a percentage of non-inter-level travel turns spent in this place.
 F = Non-inter-level travel turns spent in this place divided by the number of levels of this place that you've seen.
                   A       B       C       D       E      F
               +-------+-------+-------+-------+-------+----------------------
         Total | 100.0 | 100.0 |   0.3 |   0.3 |   4.3 | 334.5
       Dungeon | 100.0 | 100.0 |   0.3 |   0.3 |   4.3 | 334.5
               +-------+-------+-------+-------+-------+----------------------

Vault maps used:
D:1:      scummos_arrival_forest, serial_corexii_hall, corexii_hall_statues_t,
          corexii_hall_statues_l, corexii_hall_statues_l, solitary_fountain,
          lexackson_kobold_supper
D:2:      first_bread, hangedman_decor_points, elyvilon_altar_3, uniq_natasha,
          uniq_iyjb
